 Dungeon Crawl Stone Soup version 0.18.1-1-g2f07953 (webtiles) character file.

635 MDvedh the Basher (level 7, -14/41 HPs)
             Began as a Gargoyle Fighter on May 7, 2016.
             Was a Follower of Okawaru.
             Demolished by an ogre
             ... wielding a +0 giant spiked club
              (20 damage)
             ... on level 4 of the Dungeon.
             The game lasted 00:06:08 (4202 turns).

MDvedh the Basher (Gargoyle Fighter)                Turns: 4202, Time: 00:06:08

Health: -14/41     AC: 13    Str: 21    XL:     7   Next: 50%
Magic:  7/7        EV:  7    Int:  9    God:    Okawaru [*.....]
Gold:   168        SH:  9    Dex:  9    Spells: 0 memorised, 6 levels left

rFire  + . .     SeeInvis .     a - +0 flail
rCold  . . .     Gourm    .     b - +0 scale mail
rNeg   + . .     Faith    .     c - +0 shield
rPois  ∞         Spirit   .     (no helmet)
rElec  +         Dismiss  .     p - +1 cloak
rCorr  .         Reflect  .     (no gloves)
SustAt .         Harm     .     (no boots)
MR     .....                    (no amulet)
Stlth  ..........               v - ring of protection from cold
                                t - ring of fire

@: not resistant to hostile enchantments, extremely unstealthy
A: negative energy resistance 1, electricity resistance, unbreathing,
petrification resistance, rot immunity, AC +4
a: Heroism, Renounce Religion


You were on level 4 of the Dungeon.
You worshipped Okawaru.
Okawaru was aware of your devotion.
You were not hungry.

You visited 1 branch of the dungeon, and saw 4 of its levels.

You collected 168 gold pieces.

Inventory:

Hand Weapons
 a - a +0 flail (weapon)
Missiles
 e - a throwing net (quivered)
Armour
 b - a +0 scale mail (worn)
 c - a +0 shield (worn)
 p - a +1 cloak (worn)
Jewellery
 t - a ring of fire (left hand)
 v - a ring of protection from cold (right hand)
Scrolls
 g - 2 scrolls of remove curse
 l - a scroll of identify
 m - a scroll of teleportation
 o - a scroll of enchant armour
Potions
 h - a potion of lignification
 j - 2 potions of magic
 k - a potion of haste
 n - 2 potions of ambrosia
 r - 3 potions of curing
Comestibles
 f - 4 bread rations
 i - a fruit
 u - a beef jerky


   Skills:
 - Level 3.2 Fighting
 + Level 8.2 Maces & Flails
 - Level 3.2 Armour
 - Level 3.2 Shields


You had 6 spell levels left.
You didn't know any spells.

Dungeon Overview and Level Annotations

Branches:
Dungeon (4/15)
 Temple: D:4-7

Altars:
Okawaru
Pakellas
Qazlal
Vehumet
Xom
Zin


Innate Abilities, Weirdness & Mutations

You are resistant to torment.
Your stone body is resilient (AC +4).
You are immune to poison.
You resist negative energy.
You are resistant to electric shocks.
You can survive without breathing.
You are immune to petrification.
You are immune to rotting.


Message History

The ogre hits you but does no damage.
You hit the ogre but do no damage.
The ogre is severely wounded.
The ogre closely misses you.
You barely miss the ogre.
The ogre is severely wounded.
The ogre hits you with a giant spiked club!
* * * LOW HITPOINT WARNING * * *
You are too injured to fight recklessly!
You are too injured to fight recklessly!
You are too injured to fight recklessly!
You hit the ogre.
The ogre is severely wounded.
You block the ogre's attack.
You hit the ogre.
The ogre is almost dead.
You hit the ogre.
The ogre is almost dead.
The ogre hits you with a giant spiked club!!
You die...

###### ####....##########
.................#
#######....########.#########
.............................
###########.######.#.########.
................O......## #.
###########.######.#)#..# #.
#.#@O....#.##.## #.
#.########.##.Z# #.
#...........##.# #.
###########.##.####.
#......)[........
#.######(########
#......#)#.......
#.####.#.#.####.#
##.#....#.#....#.#


You could see an ogre.

Vanquished Creatures
  An orc warrior (D:3)
  The ghost of Shenda the Changer, an amateur DrTm (D:4)
  A scorpion (D:4)
  A hound (D:4)
  A giant frog skeleton (D:4)
  4 orc wizards
  A worker ant (D:4)
  7 adders
  2 oozes
  2 worms (D:2)
  An adder skeleton (D:4)
  4 dart slugs
  5 giant geckos
  18 orcs
  5 bats
  5 giant cockroaches
  8 goblins
  4 hobgoblins
  10 jackals
  8 kobolds
  3 ball pythons
  5 giant newts
  9 rats
106 creatures vanquished.

Notes
Turn   | Place    | Note
--------------------------------------------------------------
     0 | D:1      | MDvedh the Gargoyle Fighter began the quest for the Orb.
     0 | D:1      | Reached XP level 1. HP: 14/14 MP: 1/1
    83 | D:1      | Reached XP level 2. HP: 19/19 MP: 2/2
   123 | D:1      | Reached skill level 3 in Maces & Flails
   387 | D:1      | Reached XP level 3. HP: 23/23 MP: 3/3
   564 | D:2      | Found an oddly glowing altar of Pakellas.
   845 | D:2      | Reached skill level 4 in Maces & Flails
   851 | D:2      | Found a radiant altar of Vehumet.
  1000 | D:2      | Reached XP level 4. HP: 12/28 MP: 4/4
  1689 | D:3      | Reached skill level 5 in Maces & Flails
  1691 | D:3      | Reached XP level 5. HP: 27/32 MP: 5/5
  1830 | D:3      | Noticed an angel
  1831 | D:3      | Found a shimmering altar of Xom.
  1832 | D:3      | Found a glowing silver altar of Zin.
  1842 | D:3      | Found an iron altar of Okawaru.
  1911 | D:3      | Became a worshipper of Warmaster Okawaru
  2552 | D:4      | Reached skill level 6 in Maces & Flails
  2552 | D:4      | Reached XP level 6. HP: 31/37 MP: 6/6
  2589 | D:4      | Found a stormy altar of Qazlal.
  2627 | D:4      | Noticed Shenda's ghost (amateur DrTm)
  2656 | D:4      | Killed Shenda's ghost
  2804 | D:4      | Reached skill level 7 in Maces & Flails
  3329 | D:4      | Reached XP level 7. HP: 11/41 MP: 7/7
  3991 | D:3      | Reached * piety under Okawaru
  3991 | D:3      | Reached skill level 8 in Maces & Flails
  4202 | D:4      | Demolished by an ogre

Skill      XL: |  1  2  3  4  5  6  7 |
---------------+----------------------+-----
Maces & Flails | 3 4 5 6 7 8 |  8.2
Fighting       | |  3.2
Armour         | |  3.2
Shields        | |  3.2

Action                   |  1- 3 |  4- 6 |  7- 9 || total
-------------------------+-------+-------+-------++-------
Melee: Flail             |   172 |   305 |    56 ||   533
  Use: Scroll            |       |       |    10 ||    10
       Potion            |       |       |     1 ||     1
  Eat: Chunk             |       |     3 |       ||     3
       Bread ration      |       |     1 |     1 ||     2
       Fruit             |       |     1 |     1 ||     2
Armor: Scale mail        |   144 |   181 |    16 ||   341
Dodge: Dodged            |    80 |   111 |    14 ||   205
Block: Shield            |   108 |   168 |    23 ||   299
